AoeStats
← [NOE] Jupiter

Arena

509983682Analyzed
2v2 RM · 4d ago on Sep 28, 2026· 63m 39s· 4 players
Game mode
Random Map
Map size
Medium (4 player)
Population
200
Speed
Normal
Resources
Standard
Victory
Conquest
Starting age
Dark Age
Ending age
Imperial Age
RankedLock teamsTeams togetherTeam positionsShared explorationLock speedFull tech treeHidden civsTurbo modeCheats
Victory
Defeat
🇫🇷 Inca · France
1452
+14
🇫🇷 Bulgarians · France
1429
+15
🇮🇪 Malay · Ireland
1409
-15
🇦🇷 Celts · Argentina
1399
-14
[NOE] Jupiter
10:07 Feudal Age
13:39 Castle Age
11:57 Double-Bit Axe
16:37 Wheelbarrow
16:49 Wheelbarrow
16:45 Bow Saw
18:54 Loom
20:29 Gold Mining
20:22 Horse Collar
21:21 Husbandry
22:08 Stone Mining
24:27 Forging
23:40 Light Cavalry
24:31 Bloodlines
26:09 Hand Cart
25:59 Town Watch
26:45 Heavy Plow
29:17 Imperial Age
27:27 Scale Barding Armor
27:46 Stirrups
29:01 Chain Barding Armor
28:42 Scale Mail Armor
28:50 Squires
30:24 Iron Casting
30:22 Conscription
30:41 Plate Barding Armor
32:13 Blast Furnace
31:28 Chain Mail Armor
31:16 Arson
33:48 Plate Mail Armor
33:09 Fletching
33:43 Ballistics
34:24 Chemistry
33:50 Elite Konnik
35:01 Bodkin Arrow
35:19 Town Patrol
36:27 Bracer
38:17 Stone Shaft Mining
37:45 Caravan
41:41 Murder Holes
42:14 Hussar
44:16 Gambesons
60:24 Masonry
60:24 Siege Engineers
[NOE] Lyrendir
10:44 Feudal Age
11:58 Double-Bit Axe
14:32 Castle Age
12:19 Horse Collar
15:38 Bow Saw
16:37 Wheelbarrow
19:01 Town Watch
19:35 Heavy Plow
20:10 Loom
21:58 Gold Mining
23:16 Hand Cart
25:14 Gold Shaft Mining
25:45 Stone Mining
26:25 Town Patrol
27:08 Stone Shaft Mining
29:24 Imperial Age
26:45 Treadmill Crane
27:15 Masonry
27:28 Ballistics
27:11 Scale Mail Armor
27:01 Fletching
27:11 Padded Archer Armor
27:25 Forging
27:15 Padded Archer Armor
29:50 Bodkin Arrow
30:11 Leather Archer Armor
29:57 Murder Holes
30:13 Fortified Wall
30:30 Thumb Ring
30:55 Bracer
31:57 Chemistry
31:35 Crop Rotation
31:21 Andean Sling
31:22 Fabric Shields
31:43 Conscription
31:03 Champi Runner
31:44 Squires
31:29 Arson
32:22 Ring Archer Armor
32:50 Iron Casting
32:31 Chain Mail Armor
32:50 Heavy Scorpion
34:36 Hoardings
35:25 Siege Engineers
35:47 Caravan
36:36 Plate Mail Armor
37:07 Blast Furnace
35:32 Elite Kamayuk
40:07 Pikeman
40:07 Champi Warrior
41:12 Halberdier
41:13 Elite Champi Warrior
43:02 Guard Tower
42:58 Arrowslits
49:13 Block Printing
49:24 Illumination
49:10 Redemption
49:20 Sanctity
49:36 Theocracy
54:44 Guilds
55:04 Coinage
55:34 Keep
EweRwoRld
9:11 Loom
10:59 Feudal Age
15:08 Castle Age
12:54 Double-Bit Axe
13:01 Horse Collar
14:18 Wheelbarrow
23:29 Sanctity
25:19 Hand Cart
26:24 Forging
27:14 Bow Saw
30:21 Imperial Age
27:57 Town Watch
28:52 Heavy Plow
28:45 Arson
29:00 Squires
28:21 Pikeman
28:21 Man-at-Arms
29:04 Gold Mining
29:04 Stone Mining
29:43 Long Swordsman
29:44 Halberdier
30:30 Two-Handed Swordsman
31:52 Conscription
32:02 Scale Barding Armor
32:08 Forging
32:05 Forced Levy
32:18 Town Patrol
33:04 Crop Rotation
33:39 Gold Shaft Mining
32:54 Stone Mining
34:08 Chemistry
33:29 Ballistics
33:20 Masonry
32:52 Treadmill Crane
36:00 Iron Casting
35:16 Fletching
35:38 Padded Archer Armor
36:00 Siege Engineers
38:04 Blast Furnace
38:27 Husbandry
37:48 Light Cavalry
40:32 Elite Battle Elephant
42:00 Stone Shaft Mining
41:23 Bodkin Arrow
55:49 Bracer
56:05 Leather Archer Armor
Golozo
9:51 Loom
11:38 Feudal Age
13:03 Double-Bit Axe
13:19 Loom
16:02 Castle Age
14:10 Horse Collar
17:18 Bow Saw
21:23 Wheelbarrow
27:03 Imperial Age
24:35 Gold Mining
26:52 Scale Mail Armor
27:57 Chain Mail Armor
28:13 Conscription
28:18 Arson
28:49 Forging
28:26 Pikeman
29:45 Stronghold
32:55 Plate Mail Armor
33:42 Iron Casting
34:01 Hand Cart
37:17 Blast Furnace
35:50 Capped Ram
36:32 Elite Woad Raider
37:11 Fletching
39:33 Halberdier
41:15 Siege Ram
45:03 Furor Celtica
44:16 Man-at-Arms
44:23 Siege Ram
51:35 Town Watch
51:56 Bodkin Arrow
Connection lost

Rejoining the realm…

Still unreachable

The connection could not be restored.

Session expired

The server has moved on; the page needs a fresh start.